AoeStats
← Outplayed

Arabia

516007221Analyzed
1v1 RM · 13d ago on Oct 24, 2026· 49m 23s· 2 players
Game mode
Random Map
Map size
Tiny (2 player)
Population
200
Speed
Normal
Resources
Standard
Victory
Conquest
Starting age
Dark Age
Ending age
Imperial Age
RankedLock teamsTeams togetherTeam positionsShared explorationLock speedFull tech treeHidden civsTurbo modeCheats
Victory
Defeat
🇺🇸 Tatars · United States
1237
+17
vs
🇪🇸 Spanish · Spain
1252
-17
Gorbus
5:35 Loom
8:58 Feudal Age
9:26 Double-Bit Axe
13:02 Double-Bit Axe
20:22 Castle Age
19:41 Fletching
19:51 Padded Archer Armor
20:02 Bloodlines
19:44 Gold Mining
21:05 Bodkin Arrow
21:22 Bow Saw
21:16 Husbandry
23:30 Leather Archer Armor
40:31 Wheelbarrow
44:59 Hand Cart
44:29 Horse Collar
45:35 Scale Barding Armor
45:40 Forging
45:55 Town Watch
48:23 Iron Casting
Outplayed
6:48 Loom
9:08 Feudal Age
10:14 Horse Collar
10:25 Double-Bit Axe
10:26 Horse Collar
12:59 Town Watch
15:34 Wheelbarrow
20:28 Castle Age
20:04 Scale Barding Armor
20:16 Bloodlines
21:08 Forging
21:39 Gold Mining
23:10 Chain Barding Armor
23:55 Husbandry
46:24 Bow Saw
46:16 Heavy Plow
47:17 Fletching
47:28 Scale Mail Armor
48:06 Iron Casting
50:21 Imperial Age
Connection lost

Rejoining the realm…

Still unreachable

The connection could not be restored.

Session expired

The server has moved on; the page needs a fresh start.